 Dungeon Crawl Stone Soup version 0.23.1-37-gaa34b87 (webtiles) character file.

Game seed: 5952318254053497764

14025 nuthulu the Grappler (level 12, -5/107 HPs)
             Began as a Ghoul Monk on Mar 27, 2019.
             Was a High Priest of Makhleb.
             Slain by a yak (6 damage)
             ... on level 1 of the Lair of Beasts.
             The game lasted 00:23:34 (11581 turns).

nuthulu the Grappler (Ghoul Monk)                  Turns: 11581, Time: 00:23:35

Health: -5/107     AC: 18    Str: 17    XL:     12   Next: 12%
Magic:  17/17      EV: 11    Int:  5    God:    Makhleb [*****.]
Gold:   665        SH:  0    Dex: 14    Spells: 11/11 levels left

rFire    + . .     SeeInvis +     - Unarmed
rCold    + . .     Gourm    .   (no shield)
rNeg     + + +     Faith    .   o - +0 chain mail
rPois    ∞         Spirit   .   u - +2 hat {SInv}
rElec    .         Reflect  .   t - +2 cloak
rCorr    .         Harm     .   (no gloves)
MR       +....                  n - +1 pair of boots
Stlth    ..........             (no amulet)
HPRegen  0.00/turn              d - ring of protection from magic
MPRegen  0.15/turn              m - ring of protection from fire

@: rotting
A: rotting body, claws 1, carnivore, cold resistance 1, negative energy
resistance 3, inhibited regeneration, torment resistance, unbreathing
a: Minor Destruction, Lesser Servant of Makhleb, Major Destruction, Greater
Servant of Makhleb, Renounce Religion


You were on level 1 of the Lair of Beasts.
You worshipped Makhleb.
Makhleb was extremely pleased with you.
You were not hungry.

You visited 2 branches of the dungeon, and saw 13 of its levels.

You collected 693 gold pieces.
You spent 28 gold pieces at shops.

Inventory:

Missiles
 w - a throwing net (quivered)
Armour
 n - a +1 pair of boots (worn)
 o - a +0 chain mail (worn)
 t - a +2 cloak (worn)
 u - a +2 hat of see invisible (worn)
Jewellery
 d - a ring of protection from magic (left claw)
 m - a ring of protection from fire (right claw)
Wands
 l - a wand of digging (5)
 p - a wand of acid (21)
 x - a wand of disintegration (8)
 y - a wand of flame (18)
Scrolls
 e - 4 scrolls of remove curse
 f - 7 scrolls of teleportation
 g - a scroll of fog
 i - a scroll of identify
 k - 2 scrolls of magic mapping
 v - 2 scrolls of amnesia
 z - 2 scrolls of enchant weapon
Potions
 a - a potion of magic
 c - 2 potions of curing
 h - 2 potions of haste
 r - 4 potions of brilliance
 s - 2 potions of might
Comestibles
 b - 20 rations


   Skills:
 + Level 10.4 Fighting
 + Level 7.6 Armour
 + Level 8.8 Dodging
 - Level 2.1 Stealth
 + Level 10.5 Unarmed Combat
 + Level 8.2 Invocations


You had 11 spell levels left.
You didn't know any spells.
Your spell library contained the following spells:

 Spells                   Type           Power        Failure   Level  Hunger
 Animate Skeleton         Necr           N/A          99%         1    ##.....
 Pain                     Necr           #...         99%         1    ##.....
 Sandblast                Erth           #.....       99%         1    ##.....
 Passwall                 Tmut/Erth      #.......     100%        2    ###....
 Regeneration             Chrm/Necr      #.........   100%        3    ####...
 Stone Arrow              Conj/Erth      #.....       100%        3    ####...
 Vampiric Draining        Necr           #.........   100%        3    ####...
 Animate Dead             Necr           N/A          100%        4    #####..
 Leda's Liquefaction      Hex/Erth       #.........   100%        4    #####..
 Petrify                  Tmut/Erth      #.......     100%        4    #####..
 Bolt of Magma            Conj/Fire/Erth #.........   100%        5    ######.
 Lee's Rapid Deconstruct  Erth           #.........   100%        5    ######.
 Iron Shot                Conj/Erth      #.........   100%        6    #######
 Shatter                  Erth           #.........   100%        9    #######
 Statue Form              Tmut/Erth      Unusable     N/A         6    N/A

Dungeon Overview and Level Annotations

Branches:
Dungeon (11/15)            Temple (0/1) D:5            Lair (2/6) D:10
  Swamp: Lair:2-4    Shoals: Lair:2-4     Snake: Lair:2-4    Spider: Lair:2-4
    Orc: D:9-12

Altars:
Gozag
Hepliaklqana
Makhleb
Ru
Sif Muna
Trog
Uskayaw
Wu Jian
The Shining One

Shops:
D:10 ?

Annotations:
D:4 2 transporters, totalnoob's ghost, amateur GnWn
D:10 3 runed translucent doors, Flogoulo's ghost, journeyman FoFi


Innate Abilities, Weirdness & Mutations

Your body is rotting away.
You thrive on raw meat.
You are immune to poison.
You have sharp fingernails.
You are carnivorous and can eat meat at any time.
Your flesh is cold resistant. (rC+)
You are immune to negative energy. (rN+++)
You do not regenerate when monsters are visible.
You are immune to unholy pain and torment.
You can survive without breathing.


Message History

The yak is almost dead.
The yak misses you.
Unknown command.
You scratch the yak.
The yak is almost dead.
The yak gores you.
* * * LOW HITPOINT WARNING * * *
The yak gores you!
* * * LOW HITPOINT WARNING * * *
Unknown command.
You closely miss the yak.
The yak is almost dead.
The yak closely misses you.
Your hellwing hits the yak.
The yak dies!
Makhleb accepts your kill.
Unknown command.
You claw the yak!
The yak is heavily wounded.
The yak gores you.
You die...

.................................
.................................
.......................>.........
.................................
.............##.#####.4..........
#+##.#.#.....#### ###.....##P.###
........#....######.#...........#
........#.....##..4.......+.....#
.............###@YP#......#.....P
........#.....##..###.....#......
........#....###### #.....#......
........#.....# #.....#.....#
####.####....########...........#
......................>...#.###..
.................................
########.##P##############.##.##.
###### ########


You could see a yak and a friendly hellwing.

Vanquished Creatures
  Gastronok (Lair:1)
  Josephine (D:10)
  Urug (D:10)
  Pikel (D:6)
  2 gargoyles (D:10)
  A queen bee (D:9)
  2 hippogriffs
  A blink frog (Lair:1)
  15 yaks
  5 wraiths (D:10)
  2 hungry ghosts (D:10)
  A steam dragon (D:7)
  2 insubstantial wisps (D:7)
  Edmund (D:4)
  2 water moccasins
  2 porcupines (Lair:1)
  4 orc warriors
  3 sky beasts (D:7)
  3 phantoms
  3 ogres
  An ice beast (D:10)
  2 slaves (D:6)
  5 centaurs
  Blork the orc (D:4)
  4 bullfrogs
  14 killer bees (D:9)
  3 wights (D:10)
  An electric eel (D:9)
  9 crimson imps
  A bullfrog zombie (D:6)
  2 quasits (D:10)
  5 orc priests
  4 hounds
  2 jellies
  2 centaur skeletons (D:8)
  9 orc wizards
  A bullfrog skeleton (D:10)
  4 iguanas
  13 worker ants
  3 hound zombies
  A hound skeleton (D:10)
  3 gnolls (D:4)
  8 adders
  2 shadow imps
  An ooze (D:2)
  5 worms
  A dart slug (D:3)
  7 leopard geckos
  38 orcs
  2 ball pythons
  5 bats
  3 giant cockroaches
  4 hobgoblins
  7 jackals
  A kobold (D:2)
  4 quokkas
  3 frilled lizards
  7 goblins
  2 rats
243 creatures vanquished.

Vanquished Creatures (collateral kills)
  A two-headed ogre (D:8)
  Nergalle (D:10)
  Psyche (D:8)
  4 blink frogs (Lair:1)
  2 yaks (Lair:1)
  A water moccasin (Lair:1)
  A crimson imp (D:6)
  A giant cockroach (D:8)
  2 jackals (D:8)
14 creatures vanquished.

Vanquished Creatures (others)
  2 fungi (Lair:1)
2 creatures vanquished.

Grand Total: 259 creatures vanquished

Notes
Turn   | Place    | Note
-------+----------+-------------------------------------------
     0 | D:1      | nuthulu the Ghoul Monk began the quest for the Orb.
     0 | D:1      | Reached XP level 1. HP: 19/19 MP: 0/0
   326 | D:1      | Reached XP level 2. HP: 24/26 MP: 1/1
   726 | D:1      | Reached XP level 3. HP: 10/33 MP: 2/2
  1352 | D:2      | Found a burning altar of Makhleb.
  1361 | D:2      | Became a worshipper of Makhleb the Destroyer
  1361 | D:2      | Reached * piety under Makhleb
  1361 | D:2      | Reached ** piety under Makhleb
  1520 | D:3      | Reached XP level 4. HP: 40/40 MP: 3/3
  2292 | D:4      | Reached XP level 5. HP: 39/46 MP: 4/4
  2340 | D:4      | Noticed Edmund
  2362 | D:4      | Killed Edmund
  2362 | D:4      | Reached XP level 6. HP: 32/54 MP: 5/5
  2417 | D:4      | Reached skill level 5 in Fighting
  2417 | D:4      | Reached skill level 5 in Unarmed Combat
  2935 | D:4      | Reached skill level 1 in Armour
  3035 | D:4      | Noticed a hungry ghost
  3038 | D:4      | Found a transporter.
  3043 | D:4      | Found a transporter.
  3044 | D:4      | Noticed totalnoob's ghost (amateur GnWn)
  3094 | D:4      | Found an ornate altar of the Wu Jian Council.
  3294 | D:4      | Noticed Blork the orc
  3308 | D:4      | Killed Blork the orc
  3308 | D:4      | Reached XP level 7. HP: 19/61 MP: 6/6
  3636 | D:4      | Found an opulent altar of Gozag.
  3756 | D:5      | Entered Level 5 of the Dungeon
  4215 | D:5      | Found a staircase to the Ecumenical Temple.
  4235 | D:5      | Reached skill level 5 in Dodging
  4235 | D:5      | Reached XP level 8. HP: 23/70 MP: 7/7
  4606 | D:5      | Reached *** piety under Makhleb
  5214 | D:5      | Found a burning altar of Makhleb.
  5216 | D:5      | Noticed a balrug
  5220 | D:5      | Noticed a smoke demon
  5220 | D:5      | Noticed an orange demon
  5404 | D:6      | Found a hide-covered altar of Uskayaw.
  5404 | D:6      | Found a glowing golden altar of the Shining One.
  5451 | D:6      | Reached skill level 1 in Invocations
  5861 | D:6      | Reached XP level 9. HP: 79/79 MP: 9/9
  5877 | D:6      | Noticed Pikel
  5895 | D:6      | Killed Pikel
  6197 | D:6      | Found a deep blue altar of Sif Muna.
  6197 | D:6      | Found a sacrificial altar of Ru.
  6197 | D:6      | Found a hazy altar of Hepliaklqana.
  6651 | D:7      | Reached **** piety under Makhleb
  7126 | D:8      | Noticed a two-headed ogre
  7155 | D:8      | Killed a two-headed ogre
  7155 | D:8      | Reached skill level 5 in Armour
  7157 | D:8      | Reached XP level 10. HP: 42/88 MP: 12/12
  7221 | D:8      | Noticed Psyche
  7233 | D:8      | Killed Psyche
  7341 | D:8      | Reached skill level 5 in Invocations
  7501 | D:8      | Found a glowing golden altar of the Shining One.
  7586 | D:8      | Found a bloodstained altar of Trog.
  8477 | D:9      | Reached ***** piety under Makhleb
  8995 | D:10     | Entered Level 10 of the Dungeon
  9019 | D:10     | Reached XP level 11. HP: 97/97 MP: 14/14
  9310 | D:10     | Noticed Urug
  9314 | D:10     | Noticed Nergalle
  9321 | D:10     | Noticed a spectral orc warlord
  9322 | D:10     | Killed Urug
  9326 | D:10     | Noticed a spectral orc warlord
  9339 | D:10     | Killed Nergalle
  9504 | D:10     | Found Cecool's Magic Scroll Emporium.
  9528 | D:10     | Found a staircase to the Lair.
  9530 | D:10     | Bought a scroll of identify for 28 gold pieces
  9605 | D:10     | Noticed Josephine
  9659 | D:10     | Killed Josephine
 10038 | D:10     | Reached skill level 10 in Unarmed Combat
 10182 | D:10     | Found a runed translucent gate.
 10182 | D:10     | Found a runed translucent gate.
 10187 | D:10     | Found an opulent altar of Gozag.
 10189 | D:10     | Found a runed translucent gate.
 10190 | D:10     | Noticed Flogoulo's ghost (journeyman FoFi)
 10191 | D:10     | Noticed a deep troll
 10192 | D:10     | a deep troll changed into a merfolk
 10197 | D:10     | Noticed a shock serpent
 10197 | D:10     | a merfolk changed into a shock serpent
 10200 | D:10     | Noticed a sea snake
 10200 | D:10     | a shock serpent changed into a sea snake
 10203 | D:10     | Noticed a lindwurm
 10203 | D:10     | a sea snake changed into a lindwurm
 10204 | D:10     | Noticed a glowing orange brain
 10204 | D:10     | a lindwurm changed into a glowing orange brain
 10207 | D:10     | a glowing orange brain changed into a merfolk
 10350 | Lair:1   | Entered Level 1 of the Lair of Beasts
 10494 | Lair:1   | Reached skill level 10 in Fighting
 10934 | Lair:1   | Noticed Gastronok
 10987 | Lair:1   | Killed Gastronok
 10987 | Lair:1   | Reached XP level 12. HP: 65/107 MP: 15/17
 11534 | Lair:2   | Noticed an eight-headed hydra
 11555 | Lair:2   | Noticed a seven-headed hydra
 11579 | Lair:1   | HP: 1/107 [yak (7)]
 11581 | Lair:1   | Slain by a yak

Skill      XL: |  1  2  3  4  5  6  7  8  9 10 11 |
---------------+----------------------------------+-----
Dodging        | 3 4 5 6 7 8 |  8.8
Unarmed Combat | 4 5 6 7 8 9 10 | 10.5
Fighting       | 4 5 6 7 8 9 10 | 10.4
Armour         | 1 2 3 5 6 7 |  7.6
Invocations    | 2 4 6 8 |  8.2
Stealth        | |  2.1

Action                   |  1- 3 |  4- 6 |  7- 9 | 10-12 || total
-------------------------+-------+-------+-------+-------++-------
Melee: Unarmed           |   122 |   151 |   398 |   627 ||  1298
       Punch             |     1 |     1 |     8 |    14 ||    24
Invok: Minor Destruction |       |     1 |     9 |     4 ||    14
       Lesser Servant of |       |       |     2 |     6 ||     8
       Major Destruction |       |       |       |     6 ||     6
  Use: Scroll            |     4 |     3 |    10 |     8 ||    25
       Potion            |       |     1 |       |     2 ||     3
 Stab: Sleeping          |     1 |       |       |       ||     1
       Distracted        |       |       |     1 |       ||     1
  Eat: Chunk             |    16 |    18 |    40 |    38 ||   112
       Ration            |       |       |     2 |     1 ||     3
Armor: Robe              |    20 |       |       |       ||    20
       Scale mail        |    12 |    25 |       |       ||    37
       Leather armour    |     2 |       |       |       ||     2
       Chain mail        |       |    23 |   216 |   319 ||   558
Dodge: Dodged            |   109 |    66 |   164 |   309 ||   648
